 Dungeon Crawl Stone Soup version 0.25.0-10-g039870ee82 (webtiles) character file.

Game seed: 17628328646632586756

91 Lepercus the Shield-Bearer (level 4, -3/35 HPs)
             Began as a Human Fighter on June 23, 2020.
             Slain by a gnoll
             ... wielding a +0 spear
              (7 damage)
             ... on level 2 of the Dungeon.
             The game lasted 00:10:26 (931 turns).

Lepercus the Shield-Bearer (Human Fighter)           Turns: 931, Time: 00:10:26

Health: -3/35      AC:  9    Str: 17    XL:     4   Next: 88%
Magic:  4/4        EV:  7    Int:  9    God:
Gold:   92         SH:  9    Dex: 12    Spells: 3/3 levels left

rFire    . . .     SeeInvis .   a - +0 long sword
rCold    . . .     Gourm    .   c - +0 kite shield
rNeg     . . .     Faith    .   b - +0 scale mail
rPois    .         Spirit   .   j - +0 helmet
rElec    .         Reflect  .   (no cloak)
rCorr    .         Harm     .   m - +0 pair of gloves
MR       .....                  (no boots)
Stlth    ..........             (no amulet)
HPRegen  0.11/turn              (no ring)
MPRegen  0.09/turn              (no ring)

@: no status effects
A: no striking features
a: no special abilities


You were on level 2 of the Dungeon.
You were hungry.

You visited 1 branch of the dungeon, and saw 2 of its levels.

You collected 92 gold pieces.

Inventory:

Hand Weapons
 a - a +0 long sword (weapon)
Armour
 b - a +0 scale mail (worn)
 c - a +0 kite shield (worn)
 g - a +0 helmet
 j - a +0 helmet (worn)
 m - a +0 pair of gloves (worn)
Jewellery
 i - an uncursed amulet of magic regeneration {unknown}
Scrolls
 e - a scroll of amnesia
 h - a scroll of enchant weapon {unknown}
 l - a scroll of identify
Potions
 d - 2 potions of might
 k - a potion of cancellation {unknown}
 n - a potion of curing {unknown}
Comestibles
 f - 2 rations


   Skills:
 + Level 3.3 Fighting
 + Level 3.3 Long Blades
 + Level 3.5 Armour
 + Level 0.4 Dodging
 + Level 3.5 Shields


You had 3 spell levels left.
You didn't know any spells.
Your spell library was empty.

Dungeon Overview and Level Annotations

Branches:
Dungeon (2/15)

Altars:
Ru


Message History

You kill the hobgoblin!
The gnoll hits you from afar with a +0 spear.
You closely miss the gnoll. The gnoll closely misses you.
The gnoll hits you but does no damage. x2
You hit the gnoll but do no damage. The gnoll hits you but does no damage.
You block the gnoll's attack. The gnoll hits you with a +0 flail!
* * * LOW HITPOINT WARNING * * *
You barely miss the gnoll. You block the gnoll's attack.
The gnoll barely misses you.
You closely miss the gnoll. The gnoll hits you but does no damage.
The gnoll barely misses you. x2
You barely miss the gnoll. The gnoll hits you with a +0 flail.
* * * LOW HITPOINT WARNING * * *
The gnoll hits you but does no damage.
You closely miss the gnoll. The gnoll closely misses you.
You block the gnoll's attack.
You slash the gnoll!
The gnoll is severely wounded.
The gnoll hits you from afar with a +0 spear!
You die...

....,,,,,**,,,*
.##*****,**#.** .#
**,,,*#.*
<#****,*,*,#.**
........,,,gg,*****##
.#####.#,*,#g,,,,,,.#
.# **,,,*#.******.# .#
**,**#.######.# .#
*,,*#...g@...# .#
*,,*###g###.## .# *,,*
#.# #.# ** **,,* #.#
#.# **,,,***#.# #.# **
*,,,,,,*#.# #.# ,*
*<,,,*,##.#*#.# ,*
*,**,*,#...##.########
,**
*,**,*.#........(....#


You could see 2 gnolls.

Vanquished Creatures
  Jessica (D:2)
  A gnoll (D:2)
  2 adders (D:2)
  2 leopard geckos (D:1)
  4 bats
  2 giant cockroaches (D:1)
  5 hobgoblins
  A ball python (D:2)
  3 frilled lizards
  8 goblins
  6 kobolds
  3 rats
38 creatures vanquished.

Notes
Turn   | Place    | Note
-------+----------+-------------------------------------------
     0 | D:1      | Lepercus the Human Fighter began the quest for the Orb.
     0 | D:1      | Reached XP level 1. HP: 18/18 MP: 1/1
    97 | D:1      | Reached XP level 2. HP: 20/24 MP: 2/2
   247 | D:1      | Reached XP level 3. HP: 28/29 MP: 3/3
   568 | D:2      | Found a sacrificial altar of Ru.
   830 | D:2      | Noticed Jessica
   832 | D:2      | Killed Jessica
   832 | D:2      | Reached XP level 4. HP: 35/35 MP: 4/4
   931 | D:2      | Slain by a gnoll

Illustrated notes

Levels and vault maps discovered:
D:1:      minmay_arrival_four_loops, layout_basic, minmay_misc_feat_enclosed,
          minmay_pentomino_r2
D:2:      layout_loops_ring, old_standard_altar, nrook_uturn, uniq_jessica

Skill      XL: |  1  2  3  4 |
---------------+-------------+-----
Long Blades    | 3 |  3.3
Fighting       | |  3.3
Armour         | |  3.5
Dodging        | |  0.4
Shields        | |  3.5

Action                   |  1- 3 |  4- 6 || total
-------------------------+-------+-------++-------
Melee: Long sword        |   112 |    38 ||   150
  Use: Scroll            |     4 |       ||     4
Armor: Scale mail        |    62 |    25 ||    87
Dodge: Dodged            |    33 |    20 ||    53
Block: Kite shield       |    57 |    23 ||    80
       Rpst.: Long sword |    12 |     6 ||    18
